 Dungeon Crawl Stone Soup version 0.21.1-1-g345015f (webtiles) character file.

7144 Fang the Cleaver (level 11, -1/103 HPs)
             Began as a Gargoyle Berserker on Apr 30, 2018.
             Was a High Priest of Trog.
             Slain by a six-headed hydra (3 damage)
             ... on level 11 of the Dungeon on May 1, 2018.
             The game lasted 00:32:03 (11951 turns).

Fang the Cleaver (Gargoyle Berserker)              Turns: 11951, Time: 00:32:04

Health: -1/103     AC: 14    Str: 30    XL:     11   Next: 10%
Magic:  11/11      EV: 14    Int:  7    God:    Trog [*****.]
Gold:   449        SH:  0    Dex:  9    Spells: 10/10 levels left

rFire    + . .     SeeInvis .   q - +7 hand axe (elec)
rCold    . . .     Gourm    .   (no shield)
rNeg     + . .     Faith    .   b - +2 animal skin
rPois    ∞         Spirit   .   (no helmet)
rElec    +         Reflect  .   (no cloak)
rCorr    .         Harm     .   (no gloves)
MR       .....                  y - +1 pair of boots
Stlth    ..........             p - amulet of rage
HPRegen  0.27/turn              n - ring of protection from fire
MPRegen  0.12/turn              C - ring of wizardry

@: berserking, very quick
A: negative energy resistance 1, electricity resistance, unbreathing,
petrification resistance, rot immunity, AC +8
a: Berserk, Trog's Hand, Brothers in Arms, Burn Spellbooks, Renounce Religion,
Evoke Berserk Rage


You were on level 11 of the Dungeon.
You worshipped Trog.
Trog was extremely pleased with you.
You were not hungry.

You visited 1 branch of the dungeon, and saw 11 of its levels.

You collected 584 gold pieces.
You spent 135 gold pieces at shops.

Inventory:

Hand Weapons
 q - a +7 hand axe of electrocution (weapon)
Missiles
 m - 16 tomahawks (quivered)
 w - 3 javelins of returning
Armour
 b - a +2 animal skin (worn)
 y - a +1 pair of boots (worn)
Jewellery
 j - an uncursed ring of positive energy
 n - a ring of protection from fire (left hand)
 p - an amulet of rage (around neck)
 C - a ring of wizardry (right hand)
Wands
 a - a wand of disintegration (6)
 o - a wand of polymorph (12)
 t - a wand of random effects (28)
Scrolls
 d - 4 scrolls of magic mapping
 e - 9 scrolls of teleportation
 g - 5 scrolls of remove curse
 s - a scroll of fear
 z - a scroll of identify
Potions
 f - 2 potions of heal wounds
 h - 4 potions of flight
 i - 12 potions of curing
 k - a potion of haste
 l - a potion of brilliance
 r - a potion of agility
 v - a potion of might
 x - 2 potions of lignification
Comestibles
 c - 23 rations


   Skills:
 + Level 8.4 Fighting
 + Level 11.1 Axes
 + Level 2.4 Armour
 + Level 6.5 Dodging
 + Level 7.0 Stealth


You had 10 spell levels left.
You didn't know any spells.

Dungeon Overview and Level Annotations

Branches:
Dungeon (11/15)            Temple (0/1) D:7            Lair (0/6) D:8
    Orc (0/2) D:9

Altars:
Ashenzari
Cheibriados
Elyvilon
Fedhas
Gozag
Nemelex Xobeh
Uskayaw
Wu Jian
Xom
Zin

Shops:
D:4 ?   D:11 *


Innate Abilities, Weirdness & Mutations

You are resistant to torment.
Your stone body is resilient. (AC +8)
You are immune to poison.
You resist negative energy. (rN+)
You are resistant to electric shocks. (rElec)
You can survive without breathing.
You are immune to petrification.
You are immune to rotting.


Message History

The five-headed hydra completely misses you.
The five-headed hydra bites you but does no damage.
The five-headed hydra bites you!
* * * LOW HITPOINT WARNING * * *
A red film seems to cover your vision as you go berserk!
You feel yourself moving faster!
You feel mighty!
You feel a lot more hungry. The five-headed hydra bites you!
* * * LOW HITPOINT WARNING * * *
The five-headed hydra barely misses you.
The five-headed hydra closely misses you.
The five-headed hydra bites you.
* * * LOW HITPOINT WARNING * * *
The five-headed hydra bites you but does no damage.
You feel a strong urge to attack something.
You hack one of the five-headed hydra's heads off!
The four-headed hydra grows two more!
You slash the six-headed hydra!
Lightning courses through the six-headed hydra!
The six-headed hydra is heavily wounded.
The six-headed hydra bites you.
You die...

#........# #.#
#........#####.#
#..............# #..
#..............#
#..###(.............#
#...................#
#..........#'########
#.....##...#....#
#.....##@.>#....#
#.....##D..#....#
#..........#....#
#..........+.####
#......##+##.#######
#...##.#............
#...##.+......[.....
#...##.#...(........
#......#............


You could see a six-headed hydra.

Vanquished Creatures
  A manticore (D:11)
  Prince Ribbit (D:5)
  A hippogriff (D:7)
  Sigmund (D:2)
  A spriggan (D:8)
  A wyvern (D:10)
  A hungry ghost (D:10)
  A water moccasin (D:11)
  A porcupine (D:8)
  5 orc warriors
  An ice beast (D:10)
  2 sky beasts
  3 black bears
  10 ogres
  3 centaurs
  A crocodile (D:10)
  A big kobold (D:9)
  6 bullfrogs
  2 gnoll sergeants
  3 scorpions
  2 howler monkeys
  20 wights
  3 crimson imps
  4 jellies
  2 bullfrog skeletons
  3 hounds
  3 centaur skeletons
  A gnoll shaman (D:7)
  6 orc priests
  9 orc wizards
  2 iguanas
  Ijyb (D:4)
  6 worker ants
  Robin (D:2)
  A worker ant zombie (D:8)
  9 adders
  11 gnolls
  A howler monkey skeleton (D:7)
  2 shadow imps (D:9)
  2 oozes
  5 dart slugs
  3 leopard geckos
  43 orcs
  8 giant cockroaches
  16 goblins
  10 hobgoblins
  5 jackals
  3 quokkas
  3 ball pythons
  4 bats
  4 frilled lizards
  10 kobolds
  A leopard gecko skeleton (D:4)
  2 quokka skeletons (D:8)
  17 rats
  2 fungi (D:8)
  A plant (D:8)
272 creatures vanquished.

Vanquished Creatures (others)
  A fungus (D:8)
1 creature vanquished.

Grand Total: 273 creatures vanquished

Notes
Turn   | Place    | Note
-------+----------+-------------------------------------------
     0 | D:1      | Fang the Gargoyle Berserker began the quest for the Orb.
     0 | D:1      | Reached XP level 1. HP: 14/14 MP: 1/1
    66 | D:1      | Reached XP level 2. HP: 15/19 MP: 2/2
   133 | D:1      | Reached skill level 3 in Axes
   448 | D:1      | Reached XP level 3. HP: 18/24 MP: 3/3
   814 | D:2      | Reached ** piety under Trog
   851 | D:2      | Noticed Sigmund
   863 | D:2      | Killed Sigmund
   863 | D:2      | Reached skill level 4 in Axes
   863 | D:2      | Reached XP level 4. HP: 29/29 MP: 4/4
   863 | D:2      | Reached XP level 5. HP: 33/33 MP: 5/5
  1060 | D:2      | Reached XP level 6. HP: 38/39 MP: 6/6
  1596 | D:2      | Noticed Robin
  1603 | D:2      | Killed Robin
  1969 | D:3      | Reached *** piety under Trog
  1993 | D:3      | Reached skill level 5 in Axes
  2510 | D:3      | Reached XP level 7. HP: 12/44 MP: 7/7
  3310 | D:4      | Reached skill level 6 in Axes
  3458 | D:4      | Found Vesaozunt's Magic Scroll Shoppe.
  3523 | D:4      | Bought a scroll of enchant weapon for 75 gold pieces
  3523 | D:4      | Bought a scroll of identify for 20 gold pieces
  3523 | D:4      | Bought a scroll of identify for 20 gold pieces
  3523 | D:4      | Bought a scroll of identify for 20 gold pieces
  3598 | D:4      | Found a snail-covered altar of Cheibriados.
  3740 | D:4      | Reached **** piety under Trog
  3942 | D:4      | Noticed Ijyb
  3950 | D:4      | Killed Ijyb
  3950 | D:4      | Reached skill level 5 in Fighting
  3953 | D:4      | Reached skill level 1 in Stealth
  4452 | D:5      | Entered Level 5 of the Dungeon
  4453 | D:5      | Found an ornate altar of the Wu Jian Council.
  4464 | D:5      | Noticed Prince Ribbit
  4480 | D:5      | Killed Prince Ribbit
  4480 | D:5      | Reached XP level 8. HP: 22/49 MP: 8/8
  4766 | D:5      | Reached skill level 7 in Axes
  6482 | D:6      | Reached skill level 8 in Axes
  6571 | D:6      | Found a shimmering altar of Xom.
  6571 | D:6      | Found a white marble altar of Elyvilon.
  6571 | D:6      | Found a shattered altar of Ashenzari.
  6571 | D:6      | Found an opulent altar of Gozag.
  6583 | D:6      | Reached XP level 9. HP: 52/55 MP: 9/9
  7218 | D:7      | Reached ***** piety under Trog
  7247 | D:7      | Found a staircase to the Ecumenical Temple.
  7533 | D:7      | Reached skill level 5 in Stealth
  8258 | D:7      | Found a glowing silver altar of Zin.
  8334 | D:8      | Reached skill level 9 in Axes
  8630 | D:8      | Reached skill level 5 in Dodging
  8861 | D:8      | Reached XP level 10. HP: 45/63 MP: 10/10
  9072 | D:8      | Received a gift from Trog
  9238 | D:8      | Found a staircase to the Lair.
  9596 | D:8      | Found a sparkling altar of Nemelex Xobeh.
  9597 | D:8      | Found a hide-covered altar of Uskayaw.
  9673 | D:8      | Reached skill level 10 in Axes
  9881 | D:9      | Found a staircase to the Orcish Mines.
 10732 | D:10     | Entered Level 10 of the Dungeon
 10798 | D:10     | Found a blossoming altar of Fedhas.
 11460 | D:10     | Reached XP level 11. HP: 68/68 MP: 11/11
 11575 | D:11     | Found Zoyxia's Assorted Antiques.
 11674 | D:11     | Noticed a manticore
 11912 | D:11     | Killed a manticore
 11912 | D:11     | Reached skill level 11 in Axes
 11931 | D:11     | Noticed a four-headed hydra
 11949 | D:11     | HP: 2/103 [five-headed hydra (6)]
 11951 | D:11     | Slain by a six-headed hydra

Skill      XL: |  1  2  3  4  5  6  7  8  9 10 11 |
---------------+----------------------------------+-----
Axes           | 3 4 5 6 8 9 10 11 | 11.1
Dodging        | 2 3 4 5 6 |  6.5
Fighting       | 4 5 6 7 8 |  8.4
Stealth        | 1 4 5 6 7 |  7.0
Armour         | |  2.4

Action                   |  1- 3 |  4- 6 |  7- 9 | 10-12 || total
-------------------------+-------+-------+-------+-------++-------
Melee: Hand axe          |    99 |   142 |   249 |   224 ||   714
Invok: Berserk           |     1 |     2 |     5 |     2 ||    10
       Burn Spellbooks   |       |     1 |       |     1 ||     2
  Use: Scroll            |       |     7 |    12 |     9 ||    28
 Stab: Sleeping          |       |       |     3 |    10 ||    13
       Distracted        |       |       |     1 |       ||     1
  Eat: Chunk             |       |     7 |    22 |     9 ||    38
       Ration            |       |       |     1 |     1 ||     2
Armor: Animal skin       |    51 |    56 |   101 |    68 ||   276
Dodge: Dodged            |   105 |    82 |   194 |   145 ||   526
